 Dungeon Crawl Stone Soup version 0.31.0-12-g77e489cdc1 (webtiles) character file.

Game seed: 4387504375633135804

195 monsoonserge the Shooter (level 5, -4/39 HPs)
             Began as a Barachi Hexslinger on Feb 18, 2024.
             Killed by divine providence
             ... invoked by an orc priest
              (12 damage)
             ... on level 4 of the Dungeon.
             The game lasted 00:08:00 (1978 turns).

monsoonserge the Shooter (Barachi Hexslinger)       Turns: 1978, Time: 00:08:01

Health: -4/39      AC:  2    Str:  9    XL:     5   Next: 74%
Magic:  3/6        EV: 12    Int: 14    God:
Gold:   203        SH:  4    Dex: 16    Spells: 4/6 levels left

rFire   + . .        a - +1 sling
rCold   + . .        j - +0 buckler
rNeg    . . .        c - +0 robe
rPois   .            (no helmet)
rElec   .            (no cloak)
rCorr   .            (no gloves)
SInv    .            (no boots)
Will    .....        (no amulet)
Stlth   +            o - ring of protection from cold
HPRegen 0.26/turn    p - ring of protection from fire
MPRegen 0.10/turn

%: no passive effects
@: unable to hop, slow
A: amphibious, slowness 1, strong legs 1, +LOS
a: Hop


You were on level 4 of the Dungeon.
You visited 1 branch of the dungeon, and saw 4 of its levels.

You collected 203 gold pieces.

Inventory:

Hand Weapons
 a - a +1 sling (weapon)
Armour
 c - a +0 robe (worn)
 j - a +0 buckler (worn)
Magical Staves
 r - a staff of cold
Jewellery
 o - a ring of protection from cold (left hand)
 p - a ring of protection from fire (right hand)
Scrolls
 b - 2 scrolls of poison
 d - 3 scrolls of identify {unknown}
 f - 2 scrolls of blinking {unknown}
 h - a scroll of brand weapon {unknown}
 k - a scroll of butterflies {unknown}
 l - 5 scrolls of teleportation {unknown}
 m - a scroll of enchant weapon {unknown}
Potions
 e - 2 potions of curing
 g - 2 potions of haste {unknown}
 i - a potion of mutation {unknown}
 n - 2 potions of attraction {unknown}
 s - a potion of heal wounds {unknown}


   Skills:
 + Level 2.4 Fighting
 * Level 4.8 Ranged Weapons
 + Level 2.6 Dodging
 + Level 0.1 Stealth
 * Level 1.2 Shields
 + Level 1.1 Spellcasting
 + Level 3.4 Hexes
 + Level 1.1 Fire Magic
 + Level 0.1 Evocations


You had 4 spell levels left.
You knew the following spells:

 Your Spells              Type           Power      Damage    Failure   Level
a - Jinxbite              Hex            20%        N/A       14%         2

Your spell library contained the following spells:

 Spells                   Type           Power      Damage    Failure   Level
 Sigil of Binding         Hex            10%        N/A       28%         3
 Inner Flame              Hex/Fire       7%         N/A       43%         3
 Blink                    Tloc           0%         N/A       52%         2
 Lesser Beckoning         Tloc           0%         N/A       52%         2
 Momentum Strike          Conj/Tloc      0%         3d8       52%         2
 Cause Fear               Hex            5%         N/A       67%         4
 Gell's Gravitas          Tloc           0%         N/A       75%         3
 Teleport Other           Tloc           0%         N/A       75%         3
 Dimensional Bullseye     Hex/Tloc       2%         N/A       88%         4
 Alistair's Intoxication  Alch           0%         N/A       100%        5
 Borgnjor's Vile Clutch   Necr/Erth      0%         N/A       100%        5
 Dispersal                Tloc           0%         N/A       100%        6
 Eringya's Noxious Bog    Alch           0%         4d6       100%        6


Dungeon Overview and Level Annotations

Branches:
Dungeon (4/15)
 Temple: D:4-7

Altars:


Innate Abilities, Weirdness & Mutations

You are amphibious.
You cover ground slowly.
You can hop short distances.
You have an extended range of vision and can be seen from far away.


Message History

* * * LOW HITPOINT WARNING * * *
The black bear claws you but does no damage.
You aren't carrying any items that you can evoke.
Fire: a) +1 sling
Press: ? - help, Q - select action, (/) - cycle Shift-Dir - straight line, f/p - black bear
Aim: a black bear (severely wounded, covered in acid, 69% to hit)
You shoot a sling bullet. The sling bullet hits the black bear!
You kill the black bear!
Your Shields skill increases to level 1!
You have reached level 5!
Fire: a) +1 sling
Press: ? - help, Q - select action, (/) - cycle Shift-Dir - straight line, f - orc
Aim: an orc, wielding a +0 flail and wearing a +0 robe (moderately wounded, 62% to hit)
You shoot a sling bullet. The sling bullet hits the orc.
The orc is heavily wounded.
Fire: a) +1 sling
Press: ? - help, Q - select action, (/) - cycle Shift-Dir - straight line, f/p - orc
Aim: an orc, wielding a +0 flail and wearing a +0 robe (moderately wounded, 62% to hit)
You shoot a sling bullet. The sling bullet hits the orc.
The orc is heavily wounded.
You block the orc's attack.
The orc hits you with a +0 whip of flaming.
* * * LOW HITPOINT WARNING * * *
You block the orc's attack.
Fire: a) +1 sling
Press: ? - help, Q - select action, (/) - cycle Shift-Dir - straight line, f - orc
Aim: an orc, wielding a +0 trident and wearing a +0 ring mail (65% to hit)
Okay, then.
You feel your willpower return. The orc attacks as it pursues you!
You block the orc's attack.
Things that are here:
a +0 whip; an orc corpse Fire: a) +1 sling
Press: ? - help, Q - select action, (/) - cycle Shift-Dir - straight line, f/p - orc
Aim: an orc, wielding a +0 flail and wearing a +0 robe (moderately wounded, 62% to hit)
You shoot a sling bullet. The sling bullet hits the orc!
You kill the orc!
The orc priest calls down the wrath of Beogh upon you.
Beogh smites you!
You die...

.' ## .# ##. ####.
#..## #.... #...##
... #...<###### .).
##........# #)#
##[####..# #)# #.#
..## #@# #.##..#
##o# ####....# ###
#o†#
###.###.###.###o##
.#...............#
...##.###.###.##.)#
.#.#...........#.##
##...##.###.##...#
#.#.#.......#.#.#


You could see an orc priest and 2 orcs.

Vanquished Creatures
  A black bear (D:4)
  An orc wizard (D:3)
  2 adders
  A dart slug (D:3)
  3 ribbon worms (D:2)
  11 orcs
  2 endoplasms
  3 giant cockroaches (D:2)
  3 goblins
  4 hobgoblins (D:2)
  3 jackals (D:3)
  2 kobolds (D:1)
  3 ball pythons (D:1)
  2 bats (D:1)
  2 frilled lizards
  4 rats
47 creatures vanquished.

Notes
Turn   | Place    | Note
-------+----------+-------------------------------------------
     0 | D:1      | monsoonserge the Barachi Hexslinger began the quest for the
                  | Orb.
     0 | D:1      | Reached XP level 1. HP: 15/15 MP: 2/2
   290 | D:1      | Reached XP level 2. HP: 21/21 MP: 3/3
   780 | D:2      | Reached skill level 3 in Ranged Weapons
   780 | D:2      | Reached XP level 3. HP: 26/26 MP: 4/4
   785 | D:1      | Learned a level 2 spell: Jinxbite
  1196 | D:2      | Found a faded altar of an unknown god.
  1354 | D:3      | Reached XP level 4. HP: 28/32 MP: 2/5
  1952 | D:4      | Noticed a black bear
  1973 | D:4      | Reached skill level 4 in Ranged Weapons
  1974 | D:4      | Killed a black bear
  1975 | D:4      | Reached skill level 1 in Shields
  1975 | D:4      | Reached XP level 5. HP: 9/39 MP: 3/6
  1978 | D:4      | Killed from afar by an orc priest

Illustrated notes

Levels and vault maps discovered:
D:1:      lightli_arrival_quake, layout_basic
D:2:      layout_rooms, chequers_ecumenical_altar_island, dk_noncrumbling_2
D:3:      layout_rooms
D:4:      layout_rooms, amcnicky_altar_gilded, bloody_makhleb,
          nicolae_concentric_dashed_squares_wild, nicolae_shop_clearance

Skill      XL: |  1  2  3  4 |
---------------+-------------+-----
Ranged Weapons | 3 4 |  4.8
Fighting       | 2 |  2.4
Shields        | 1 |  1.2
Dodging        | |  2.6
Stealth        | |  0.1
Spellcasting   | |  1.1
Hexes          | |  3.4
Fire Magic     | |  1.1
Evocations     | |  0.1

Action                     |  1- 3 |  4- 6 || total
---------------------------+-------+-------++-------
  Melee: Sling             |       |     1 ||     1
   Fire: Sling             |    89 |    44 ||   133
   Cast: Jinxbite          |     3 |     1 ||     4
Ability: Hop               |       |     1 ||     1
  Evoke: Wand              |       |     4 ||     4
    Use: Potion            |       |     1 ||     1
 Armour: Robe              |    15 |    26 ||    41
  Dodge: Dodged            |    15 |     7 ||    22
  Block: Buckler           |     8 |     8 ||    16
